 Dungeon Crawl Stone Soup version 0.28-a0-1130-gc51a68064b (webtiles) character file.

Game seed: 9139733684717165543

14 derath95 the Digger (level 2, -10/15 HPs)
             Began as a Gargoyle Earth Elementalist on Dec 12, 2021.
             Mangled by Sigmund (11 damage)
             ... on level 3 of the Dungeon.
             The game lasted 00:03:18 (560 turns).

derath95 the Digger (Gargoyle Earth Elementalist)    Turns: 560, Time: 00:03:19

Health: -10/15     AC:  4    Str: 11    XL:     2   Next: 45%
Magic:  0/5        EV: 11    Int: 15    God:
Gold:   47         SH:  0    Dex: 10    Spells: 4/5 levels left

rFire   . . .      SeeInvis .   (no weapon)
rCold   . . .      Faith    .   (no shield)
rNeg    + . .      Spirit   .   b - +0 robe
rPois   ∞          Reflect  .   (no helmet)
rElec   +          Harm     .   (no cloak)
rCorr   .          Rampage  .   (no gloves)
Will    .....                   (no boots)
Stlth   ++........              (no amulet)
HPRegen 0.05/turn               (no ring)
MPRegen 0.09/turn               (no ring)

@: no status effects
A: sickness immunity, AC +2, negative energy resistance 1, electricity
resistance, torment resistance 1, petrification resistance
a: no special abilities


You were on level 3 of the Dungeon.
You visited 1 branch of the dungeon, and saw 3 of its levels.

You collected 47 gold pieces.

Inventory:

Missiles
 c - 40 stones
Armour
 b - a +0 robe (worn)
Jewellery
 f - an amulet of magic regeneration
Wands
 a - a wand of iceblast (5)
Scrolls
 d - 2 scrolls of identify {unknown}
 g - a scroll of fog {unknown}
Potions
 e - a potion of haste {unknown}


   Skills:
 - Level 1.5 Dodging
 - Level 2.1 Stealth
 + Level 2.4 Spellcasting
 - Level 0.7 Transmutations
 + Level 4.1 Earth Magic


You had 4 spell levels left.
You knew the following spells:

 Your Spells              Type           Power      Damage    Failure   Level
a - Sandblast             Erth           28%        2d8       3%          1

Your spell library contained the following spells:

 Spells                   Type           Power      Damage    Failure   Level
 Passwall                 Tmut/Erth      7%         N/A       12%         2
 Stone Arrow              Conj/Erth      16%        3d8       26%         3
 Petrify                  Tmut/Erth      9%         N/A       61%         4


Dungeon Overview and Level Annotations

Branches:
Dungeon (2/15)

Altars:

Annotations:
D:3 Natasha, Sigmund


Innate Abilities, Weirdness & Mutations

You are immune to sickness and miasma.
Your stone body is resilient. (AC +2)
You are immune to poison.
You resist negative energy. (rN+)
You are resistant to electric shocks. (rElec)
You are resistant to unholy torment.
You are immune to petrification.


Message History

Press: ? - help, Shift-Dir - straight line, f - Sigmund
Aim: Sigmund, wielding a +0 scythe and wearing a +1 robe of cold resistance (77% to hit)
You miscast Sandblast.
You are very lightly contaminated with residual magic.
Nothing appears to happen.
Sigmund mumbles some strange words.
Sigmund flickers and vanishes!
Deactivating autopickup; reactivate with Ctrl-A.
Casting: Sandblast (safe; 3% risk of failure)
Confirm with . or Enter, or press ? or * to list all spells.
You can't see any susceptible monsters within range! (Use Z to cast anyway.)
Casting: Sandblast (safe; 3% risk of failure)
Confirm with . or Enter, or press ? or * to list all spells.
Aiming: Sandblast (safe; 3% risk of failure)
Press: ? - help, Shift-Dir - straight line The blast of sand hits something.
Your magical contamination has completely faded away.
A magic dart appears from out of thin air!
The magic dart hits you.
You are confused.
Something hits you but does no damage.
You're too confused to move!
You feel less confused. Something hits you.
Casting: Sandblast (safe; 3% risk of failure)
Confirm with . or Enter, or press ? or * to list all spells.
Aiming: Sandblast (safe; 3% risk of failure)
Press: ? - help, Shift-Dir - straight line The blast of sand hits something!
Casting: Sandblast (safe; 3% risk of failure)
Confirm with . or Enter, or press ? or * to list all spells.
You don't have enough magic to cast this spell.
Something barely misses you.
You barely miss something. Something hits you!
Ouch! That really hurt!
* * * LOW HITPOINT WARNING * * *
You miss something. You miss something. Something hits you!
Ouch! That really hurt!
You die...

#### ##..######
##################...#....#
#..................###....#
#...........#####..###....#
###..........######.##......#
.......).....###......>.....#
.##..............#.##.......#
#..........##@...##.#######
##....#.##.>.{####..####...
.....................)......
....####..#.#...#########...
##### ##.#....###
#####.....### #......##.#
###.###..##....
....(.....#.....


There were no monsters in sight!

Vanquished Creatures
  A giant cockroach (D:1)
  4 goblins
  A hobgoblin (D:3)
  3 kobolds
  2 ball pythons
  A rat (D:1)
12 creatures vanquished.

Notes
Turn   | Place    | Note
-------+----------+-------------------------------------------
     0 | D:1      | derath95 the Gargoyle Earth Elementalist began the quest
                  | for the Orb.
     0 | D:1      | Reached XP level 1. HP: 10/10 MP: 3/3
   194 | D:1      | Reached XP level 2. HP: 15/15 MP: 5/5
   228 | D:1      | Reached skill level 4 in Earth Magic
   474 | D:2      | You fall into a shaft and drop 1 floor!
   482 | D:3      | Noticed Natasha
   537 | D:3      | Noticed Sigmund
   560 | D:3      | Mangled by Sigmund

Illustrated notes

Levels and vault maps discovered:
D:1:      wander_arrival_peaceful_grave, layout_rooms, dk_noncrumbling_4
D:2:      layout_basic
D:3:      layout_rooms, uniq_crazy_yiuf_cottage, uniq_grinder, uniq_natasha,
          uniq_sigmund

Skill      XL: |  1  2 |
---------------+-------+-----
Earth Magic    | 4 |  4.1
Dodging        | |  1.5
Stealth        | |  2.1
Spellcasting   | |  2.4
Transmutations | |  0.7

Action                   || total
-------------------------++-------
Melee: Unarmed           ||     8
 Cast: Sandblast         ||    16
 Stab: Sleeping          ||     1
Armor: Robe              ||     3
Dodge: Dodged            ||     7

Table legend: (Time is in decaauts)
 A = Elapsed time spent in this place.
 B = Non-inter-level travel time spent in this place.
 C = Inter-level travel time spent in this place.
 D = Time resting spent in this place.
 E = Time spent auto-exploring this place.
 F = Levels seen in this place.
 G = Mean time per level.
                   A        B        C        D        E       F      G
               +--------+--------+--------+--------+--------+-----+--------+
         Total |    559 |    510 |     49 |      0 |    300 |   3 |  186.3 |
       Dungeon |    559 |    510 |     49 |      0 |    300 |   3 |  186.3 |
               +--------+--------+--------+--------+--------+-----+--------+

Top non-repeatable levels by time:
     D:1: 474 daAuts
     D:3: 85 daAuts
